 Dungeon Crawl Stone Soup version 0.29-a0-334-gb41bcbb86e (webtiles) character file.

Game seed: 15269097238975589979

18 spaghetti the Poker (level 2, 0/24 HPs)
             Began as a Demonspawn Delver on Apr 14, 2022.
             Slain by a gnoll
             ... wielding a +0 spear
              (5 damage)
             ... on level 6 of the Dungeon.
             The game lasted 00:01:13 (230 turns).

spaghetti the Poker (Demonspawn Delver)              Turns: 230, Time: 00:01:14

Health: 0/24       AC:  3    Str: 12    XL:     2   Next: 48%
Magic:  2/2        EV: 11    Int: 11    God:
Gold:   7          SH:  0    Dex: 14    Spells: 1/1 levels left

rFire   . . .      SeeInvis .   a - +0 spear {polearm}
rCold   . . .      Faith    .   (no shield)
rNeg    . . .      Spirit   .   b - +0 leather armour
rPois   .          Reflect  .   (no helmet)
rElec   .          Harm     .   (no cloak)
rCorr   .          Rampage  .   (no gloves)
Will    .....                   (no boots)
Stlth   ++........              (no amulet)
HPRegen 0.08/turn               (no ring)
MPRegen 0.16/turn               (no ring)

@: hasted (expiring), very quick
A: magic regeneration
a: no special abilities


You were on level 6 of the Dungeon.
You visited 1 branch of the dungeon, and saw 3 of its levels.

You collected 7 gold pieces.


Innate Abilities, Weirdness & Mutations

You regenerate magic rapidly.


   Skills:
 - Level 3.0 Fighting
 - Level 7.0 Polearms
 - Level 1.7 Dodging
 + Level 4.5 Stealth


You had one spell level left.
You didn't know any spells.
Your spell library contained the following spells:

 Spells                   Type           Power      Damage    Failure   Level
 Chain Lightning          Conj/Air       0%         N/A       100%        9
 Fire Storm               Conj/Fire      0%         5d1       100%        9
 Shatter                  Erth           0%         3d5*      100%        9

Inventory:

Hand Weapons
 a - a +0 spear (weapon) {polearm}
Missiles
 h - 37 stones (quivered) {throwing}
Armour
 b - a +0 leather armour (worn)
Wands
 g - a wand of digging (3)
Scrolls
 c - a scroll of fog

Dungeon Overview and Level Annotations

Branches:
Dungeon (6/15)
 Temple: D:4-7

Altars:
Sif Muna

Annotations:
D:5 Blork the orc

#### ... #..# .. #..#
. #..## #### # #...##
##..### ####### #....#
#...... #.....#
#....#####.###
#.._..###.............
#....@'.#....#####'###
#######g#....# #....##
#::: #......# #....##
#### #......# #....##
#.g....# #.....#
..g.g...# #.....#
.g........# #.....#
..............+.l....
............###


You could see a gnoll.


Message History

An iguana comes into view.
An iguana is nearby! 2 gnolls come into view.
The gnoll shouts!
The iguana hisses angrily.
An adder comes into view.
The gnoll shouts!
The adder hisses angrily.
The gnoll shouts!
You closely miss the iguana. The iguana bites you. 😕 HP[-3]
You take 3 damage, and now have 15/18 hp.
The iguana attacks as you move away! The iguana closely misses you.
The gnoll attacks as you move away! The gnoll closely misses you.
You open the door.
The iguana bites you but does no damage.
The gnoll misses you.
There is an open door here.
Okay, then.
Okay, then.
You feel yourself speed up. The iguana barely misses you.
It was a potion of experience.
You feel more experienced!
Your Polearms skill gained 6 levels and is now at level 7!
You have reached level 2!
Your demonic ancestry asserts itself...
Your magic begins to regenerate rapidly. 😕 HP[+5] MP[+1]
You now have 24 max hp (+6).
You regained 5 hp, and now have 20/24 hp.
Your mp is fully restored (2).
Unknown command.
You hit the iguana but do no damage. The iguana bites you. 😮 HP[-5]
You take 5 damage, and now have 15/24 hp.
MASSIVE DAMAGE!! (PAUSE)
You completely miss the iguana. You hit the iguana.
The iguana closely misses you.
You closely miss the iguana. You hit the iguana. The iguana bites you!
* * * LOW HITPOINT WARNING * * *
😱 HP[-10]
You take 10 damage, and now have 5/24 hp.
MASSIVE DAMAGE!! (PAUSE)
You aren't carrying any potions.
Unknown command.
As you read the scroll of fear, it crumbles to dust.
You assume a fearsome visage.
The adder looks frightened!
The iguana looks frightened!
The gnoll looks frightened! x3 😱 HP[+1]
You open the door.
Found Sif Muna's Almanac of Flames.
Found a shimmering blue altar of Sif Muna.
There is an open door here.
You close the door.
You start resting.
You hear the slow hiss of a very distant avalanche of sand.
You hear the slow rusting of a very distant drain.
A gnoll opens the door.
It is wielding a +0 flail and carrying a wand of charming (6). 😨 HP[+2]
You regained 2 hp, and now have 8/24 hp.
A gnoll is nearby!
It's broken and can't be closed.
Okay, then.
You aren't carrying any potions.
Okay, then.
Reach: a) +0 spear {polearm}
Press: ? - help, Dir - move target, f - gnoll
Aim: a gnoll, wielding a +0 flail and carrying a wand of charming (6) (about 31% to evade your +0 spear)
You reach to attack!
You puncture the gnoll!
Reach: a) +0 spear {polearm}
Press: ? - help, Dir - move target, f/p - gnoll
Aim: a gnoll, wielding a +0 flail and carrying a wand of charming (6) (heavily wounded, about 31% to evade your +0 spear)
You reach to attack!
You hit the gnoll.
You kill the gnoll!
You start resting.
Your extra speed is starting to run out.
A gnoll is nearby!
Unknown command.
A gnoll is nearby!
Reach: a) +0 spear {polearm}
Press: ? - help, Dir - move target, f - gnoll
Aim: a gnoll, wielding a +0 spear (about 31% to evade your +0 spear)
You reach to attack!
You hit the gnoll.
Reach: a) +0 spear {polearm}
Press: ? - help, Dir - move target, f/p - gnoll
Aim: a gnoll, wielding a +0 spear (lightly wounded, about 31% to evade your +0 spear)
You reach to attack!
You hit the gnoll but do no damage.
The gnoll hits you from afar with a +0 spear.
* * * LOW HITPOINT WARNING * * *
😱 HP[-3]
You take 3 damage, and now have 5/24 hp.
Reach: a) +0 spear {polearm}
Press: ? - help, Dir - move target, f/p - gnoll
Aim: a gnoll, wielding a +0 spear (lightly wounded, about 31% to evade your +0 spear)
You reach to attack!
You hit the gnoll but do no damage.
Reach: a) +0 spear {polearm}
Press: ? - help, Dir - move target, f/p - gnoll
Aim: a gnoll, wielding a +0 spear (lightly wounded, about 31% to evade your +0 spear)
You reach to attack!
You hit the gnoll but do no damage.
The gnoll hits you from afar with a +0 spear.
You die...

Skill      XL: |  1 |
---------------+----+-----
Polearms       | 7 |  7.0
Fighting       | |  3.0
Dodging        | |  1.7
Stealth        | |  4.5

Action                   || total
-------------------------++-------
Melee: Spear             ||    12
  Use: Potion            ||     2
       Scroll            ||     2
Armor: Leather armour    ||     1
Dodge: Dodged            ||     5

Levels and vault maps discovered:
D:4:      layout_basic, lemuel_tele_altar
D:5:      layout_loops_cross, serial_shops, nicolae_square_shop,
          kennysheep_generic_room_15, uniq_blork_the_orc
D:6:      layout_basic, nicolae_sif_muna_little_library,
          chequers_temple_overflow_minitemple, minmay_temple_entry_fiery,
          portal_sewer_entry_e, enter_ossuary_5, uniq_grinder, uniq_pikel

Notes
Turn   | Place    | Note
-------+----------+-------------------------------------------
     0 | D:5      | spaghetti the Demonspawn Delver began the quest for the
                  | Orb.
     0 | D:5      | Reached XP level 1. HP: 18/18 MP: 1/1
     0 | D:5      | magus.rc [v1.9.6]
    49 | D:5      | Noticed Blork the orc
    73 | D:5      | You pick up a book of Annihilations and begin reading...
    73 | D:5      | You add the spells Chain Lightning, Fire Storm and Shatter
                  | to your library.
    83 | D:5      | Noticed a scorpion
   149 | D:6      | Noticed an iguana
   165 | D:6      | Noticed an iguana
   175 | D:6      | Identified a potion of experience
   175 | D:6      | Reached skill level 7 in Polearms
   175 | D:6      | Gained mutation: You regenerate magic rapidly. [demonic
                  | ancestry]
   175 | D:6      | Reached XP level 2. HP: 20/24 MP: 2/2
   180 | D:6      | HP: 5/24 [iguana (10)]
   182 | D:6      | Found a shimmering blue altar of Sif Muna.
   228 | D:6      | HP: 5/24 [gnoll/+0 spear (3)]
   230 | D:6      | Slain by a gnoll

Vanquished Creatures
  A gnoll (D:6)
1 creature vanquished.

Table legend:
 A = Non-vault XP
 B = Vault XP
 C = Vault XP percentage of total XP
 D = Non-vault monster count
 E = Vault monster count
 F = Vault count percentage of total count
                 A         B        C        D         E       F
            +---------+---------+-------+---------+---------+-------
      Total |      14 |       0 |   0.0 |       1 |       0 |   0.0
            +---------+---------+-------+---------+---------+-------
        D:6 |      14 |       0 |   0.0 |       1 |       0 |   0.0
            +---------+---------+-------+---------+---------+-------

Illustrated notes

Table legend:
 A = Kills in this place as a percentage of kills in entire the game.
 B = Kills by you in this place as a percentage of kills by you in the entire game.
 C = Kills by friends in this place as a percentage of kills by friends in the entire game.
 D = Other kills in this place as a percentage of other kills in the entire game.
 E = Experience gained in this place as a percentage of experience gained in the entire game.
 F = Experience gained in this place divided by the number of levels of this place that you have seen.
                   A       B       C       D       E      F
               +-------+-------+-------+-------+-------+----------------------
         Total | 100.0 | 100.0 |   N/A |   N/A | 100.0 |   4.7
       Dungeon | 100.0 | 100.0 |   N/A |   N/A | 100.0 |   4.7
               +-------+-------+-------+-------+-------+----------------------

Table legend: (Time is in decaauts)
 A = Elapsed time spent in this place.
 B = Non-inter-level travel time spent in this place.
 C = Inter-level travel time spent in this place.
 D = Time resting spent in this place.
 E = Time spent auto-exploring this place.
 F = Levels seen in this place.
 G = Mean time per level.
                   A        B        C        D        E       F      G
               +--------+--------+--------+--------+--------+-----+--------+
         Total |    210 |    198 |     12 |     26 |    112 |   3 |   70.0 |
       Dungeon |    210 |    198 |     12 |     26 |    112 |   3 |   70.0 |
               +--------+--------+--------+--------+--------+-----+--------+

Top non-repeatable levels by time:
     D:6: 109 daAuts
     D:5: 82 daAuts
     D:4: 19 daAuts
